 Dungeon Crawl Stone Soup version 0.28-a0-1638-g9123634e07 (webtiles) character file.

Game seed: 9340945417681383839

100 dillytodds the Covered (level 4, 0/41 HPs)
             Began as a Minotaur Fighter on Jan 25, 2022.
             Slain by an orc priest (25 damage)
             ... on level 3 of the Dungeon.
             The game lasted 00:08:34 (2151 turns).

dillytodds the Covered (Minotaur Fighter)           Turns: 2151, Time: 00:08:37

Health: 0/41       AC:  9    Str: 22    XL:     4   Next: 47%
Magic:  3/3        EV:  7    Int:  5    God:
Gold:   57         SH:  4    Dex: 10    Spells: 3/3 levels left

rFire   . . .      SeeInvis .   a - +0 war axe
rCold   . . .      Faith    .   c - +0 buckler
rNeg    . . .      Spirit   .   i - +0 chain mail
rPois   .          Reflect  .   (helmet restricted)
rElec   .          Harm     .   (no cloak)
rCorr   .          Rampage  .   (no gloves)
Will    .....                   (no boots)
Stlth   ..........              (no amulet)
HPRegen 0.13/turn               (no ring)
MPRegen 0.08/turn               (no ring)

@: no status effects
A: horns 2, retaliatory headbutt
a: no special abilities


You were on level 3 of the Dungeon.
You visited 1 branch of the dungeon, and saw 3 of its levels.

You collected 57 gold pieces.

Inventory:

Hand Weapons
 a - a +0 war axe (weapon)
Missiles
 e - 45 arrows
 g - 36 stones (quivered)
Armour
 c - a +0 buckler (worn)
 i - a +0 chain mail (worn)
Jewellery
 n - a ring of positive energy
Scrolls
 f - a scroll of silence {unknown}
 h - a scroll of vulnerability {unknown}
 j - 4 scrolls of teleportation {unknown}
 k - 4 scrolls of identify {unknown}
 l - a scroll of noise {unknown}
 m - a scroll of amnesia {unknown}
Potions
 b - a potion of haste {unknown}
 d - a potion of might
 o - a potion of magic {unknown}


   Skills:
 + Level 4.3 Fighting
 + Level 3.6 Axes
 + Level 0.4 Throwing
 + Level 4.5 Armour
 + Level 0.4 Dodging
 + Level 4.2 Shields


You had 3 spell levels left.
You didn't know any spells.
Your spell library contained the following spells:

 Spells                   Type           Power      Damage    Failure   Level
 Animate Skeleton         Necr           0%         N/A       99%         1
 Pain                     Necr           0%         1d4       99%         1
 Vampiric Draining        Necr           0%         2d6       100%        3


Dungeon Overview and Level Annotations

Branches:
Dungeon (3/15)

Altars:


Innate Abilities, Weirdness & Mutations

You have a pair of horns on your head.
You reflexively headbutt those who attack you in melee.


Message History

A quokka is nearby!
Throw: 36 stones
Press: ? - help, Q - select action Shift-Dir - straight line, f - quokka
Aim: a quokka (46% to hit)
You throw a stone.
The stone hits the quokka but does no damage.
Throw: 35 stones
Press: ? - help, Q - select action Shift-Dir - straight line, f/p - quokka
Aim: a quokka (46% to hit)
You throw a stone.
The stone hits the quokka but does no damage.
Throw: 34 stones
Press: ? - help, Q - select action Shift-Dir - straight line, f/p - quokka
Aim: a quokka (46% to hit)
You throw a stone. The stone completely misses the quokka.
You hit the quokka.
You kill the quokka!
Found a ring mail.
g - 34 stones (gained 1)
g - 35 stones (gained 1)
g - 36 stones (gained 1)
Found a stone staircase leading up.
An orc priest and 2 orc wizards come into view.
The orc priest is wielding a +0 whip of distortion.
The orc wizard shouts! x2
An orc comes into view. It is wielding a +0 short sword.
The orc shouts!
The orc priest hits you but does no damage.
Space warps horribly around you!
The orc wizard mumbles some strange words.
The orc wizard flickers and vanishes!
Deactivating autopickup; reactivate with Ctrl-A.
You slash the orc priest!
The orc priest is heavily wounded.
The orc wizard gestures wildly while chanting.
The orc wizard flickers and vanishes!
The orc priest hits you but does no damage.
Space warps horribly around you!!
Ouch! That really hurt!
You die...

# .# #... #.#
##.... {..
...<. ###.#.#.#
# #...#
#oo...... .#.
#...# #@# #.#
### ....#...#
#.# #.# #.#
........#####.#
#.# #.# ##
#.............#
#.####.##..
......#.#####.#
# #.........##
..#........#.#
#.#......##.#.
#........#.#
#.#.##......#.
#........#.#
#.........###.
#........#.#
###.##.#......


You could see an orc priest and an orc.

Vanquished Creatures
  Terence (D:2)
  3 gnolls
  2 dart slugs
  6 ball pythons
  3 endoplasms (D:1)
  3 giant cockroaches (D:1)
  A goblin (D:1)
  3 hobgoblins (D:1)
  3 jackals (D:3)
  4 quokkas
  4 bats
  2 frilled lizards (D:1)
  2 kobolds (D:1)
  4 rats
41 creatures vanquished.

Notes
Turn   | Place    | Note
-------+----------+-------------------------------------------
     0 | D:1      | dillytodds the Minotaur Fighter began the quest for the
                  | Orb.
     0 | D:1      | Reached XP level 1. HP: 19/19 MP: 0/0
   143 | D:1      | Reached XP level 2. HP: 27/27 MP: 1/1
   550 | D:1      | Reached XP level 3. HP: 33/33 MP: 2/2
   925 | D:2      | Noticed Terence
   935 | D:2      | Killed Terence
  1596 | D:1      | Reached XP level 4. HP: 37/40 MP: 3/3
  2151 | D:3      | Slain by an orc priest

Illustrated notes

Levels and vault maps discovered:
D:1:      giann_forest_graveyard, layout_basic, minmay_surrounded
D:2:      layout_basic, uniq_terence
D:3:      layout_basic, hellmonk_ecumenical_altar_blasted, bh_walls_and_bars,
          uniq_ijyb

Skill      XL: |  1  2  3 |
---------------+----------+-----
Armour         | 4 |  4.5
Fighting       | 4 |  4.3
Shields        | 4 |  4.2
Axes           | 3 |  3.6
Throwing       | |  0.4
Dodging        | |  0.4

Action                   |  1- 3 |  4- 6 || total
-------------------------+-------+-------++-------
Melee: War axe           |    82 |    17 ||    99
       Headbutt          |    10 |     1 ||    11
Throw: Stone             |    19 |     9 ||    28
Armor: Scale mail        |    20 |       ||    20
       Chain mail        |    11 |    12 ||    23
Dodge: Dodged            |    35 |     5 ||    40
Block: Buckler           |    18 |     5 ||    23

Table legend: (Time is in decaauts)
 A = Elapsed time spent in this place.
 B = Non-inter-level travel time spent in this place.
 C = Inter-level travel time spent in this place.
 D = Time resting spent in this place.
 E = Time spent auto-exploring this place.
 F = Levels seen in this place.
 G = Mean time per level.
                   A        B        C        D        E       F      G
               +--------+--------+--------+--------+--------+-----+--------+
         Total |   2193 |   2071 |    122 |    158 |   1444 |   3 |  731.0 |
       Dungeon |   2193 |   2071 |    122 |    158 |   1444 |   3 |  731.0 |
               +--------+--------+--------+--------+--------+-----+--------+

Top non-repeatable levels by time:
     D:1: 1035 daAuts
     D:2: 892 daAuts
     D:3: 265 daAuts
